 Dungeon Crawl Stone Soup version 0.31-a0-232-gb1c03b2570 (webtiles) character file.

Game seed: 3767666698500496944

128 qw the Shooter (level 4, 0/38 HPs)
             Began as a Minotaur Hexslinger on July 7, 2023.
             Killed from afar by Sigmund (11 damage)
             ... with a puff of flame
             ... on level 4 of the Dungeon.
             The game lasted 00:00:55 (2507 turns).

qw the Shooter (Minotaur Hexslinger)                Turns: 2507, Time: 00:00:56

Health: 0/38       AC:  2    Str: 11 (13) XL:     4   Next: 86%
Magic:  4/4        EV: 12    Int:  9 (10) God:
Gold:   121        SH:  0    Dex: 13 (14) Spells: 4/5 levels left

rFire   . . .        Y - +1 sling
rCold   + . .        (no shield)
rNeg    . . .        c - +0 robe
rPois   .            (helmet restricted)
rElec   .            (no cloak)
rCorr   .            (no gloves)
SInv    .            (no boots)
Will    .....        (no amulet)
Stlth   +            f - ring of protection from cold
HPRegen 0.26/turn    (no ring)
MPRegen 0.09/turn

%: no passive effects
@: no status effects
A: horns 2, retaliatory headbutt
a: no special abilities


You were on level 4 of the Dungeon.
You visited 1 branch of the dungeon, and saw 4 of its levels.

You collected 121 gold pieces.


Innate Abilities, Weirdness & Mutations

You have a pair of horns on your head.
You reflexively headbutt those who attack you in melee.


   Skills:
 - Level 3.0 Fighting
 + Level 5.0 Ranged Weapons
 - Level 2.1 Dodging
 - Level 1.0 Spellcasting
 - Level 2.0 Hexes


You had 4 spell levels left.
You knew the following spells:

 Your Spells              Type           Power      Damage    Failure   Level
a - Slow                  Hex            16%        N/A       16%         1

Your spell library contained the following spells:

 Spells                   Type           Power      Damage    Failure   Level
 Inner Flame              Hex/Fire       2%         N/A       58%         3
 Portal Projectile        Hex/Tloc       4%         N/A       58%         3
 Cause Fear               Hex            2%         N/A       85%         4

Inventory:

Hand Weapons
 Y - a +1 sling (weapon)
Armour
 c - a +0 robe (worn)
Jewellery
 f - a ring of protection from cold (left hand)
Scrolls
 a - a scroll of teleportation
 h - a scroll of fog {unknown}
Potions
 b - a potion of heal wounds {unknown}
 d - a potion of resistance
 e - a potion of curing
 g - a potion of lignification {unknown}
 i - a potion of enlightenment {unknown}
 j - a potion of ambrosia {unknown}
 l - a potion of attraction {unknown}
 m - a potion of haste {unknown}

Dungeon Overview and Level Annotations

Branches:
Dungeon (4/15)             Temple (0/1) D:4

Altars:

Annotations:
D:3 1 runed translucent door, qw's ghost, amateur GrHs
D:4 Sigmund


Message History

Found a staircase to the Ecumenical Temple.
2494 ||| PLANNING TEMPLE You shoot a sling bullet.
The sling bullet closely misses Sigmund.
Sigmund mumbles some strange words.
Sigmund flickers and vanishes!
Deactivating autopickup; reactivate with Ctrl-A.
You shoot a sling bullet.
A puff of flame appears from out of thin air!
The puff of flame hits you.
You shoot a sling bullet. You shoot a sling bullet.
You are confused.
You shoot a sling bullet. You shoot a sling bullet.
You hear some strange, mumbled words.
Something tries to affect you, but you resist.
You shoot a sling bullet. You shoot a sling bullet.
You hear some strange, mumbled words.
Something tries to affect you, but you resist.
You shoot a sling bullet. Something hits you but does no damage.
You shoot a sling bullet.
You feel less confused.
A magic dart appears from out of thin air!
The magic dart hits you!
You shoot a sling bullet.
You hear some strange, mumbled words.
A puff of flame appears from out of thin air!
The puff of flame hits you.
You shoot a sling bullet. Something hits you!
You shoot a sling bullet. Something hits you.
You shoot a sling bullet.
You hear some strange, mumbled words.
A puff of flame appears from out of thin air!
The puff of flame hits you!
You die...

###.# #.##.# ##.#.##
#.##.#
###.....#######.##.#
....................#
###......#######.####
#.#.##.# #.# #:#.##.#
#.# #.#.##.# #.#
#.#.##.# #@#
###).....# #...:.$#
...##.#### #{#..>.#
##.##.# #.#.).$#
##.##.# #.# ####
......# #.# ##.####
#.# #.# #.# #.#


There were no monsters in sight!

Vanquished Creatures
  A gnoll (D:1)
  5 adders
  3 dart slugs
  An orc (D:4)
  6 endoplasms
  5 giant cockroaches
  6 goblins
  10 hobgoblins
  A quokka (D:3)
  7 ball pythons
  4 bats
  A frilled lizard (D:2)
  9 kobolds
  3 rats
62 creatures vanquished.

Notes
Turn   | Place    | Note
-------+----------+-------------------------------------------
     0 | D:1      | qw the Minotaur Hexslinger began the quest for the Orb.
     0 | D:1      | Reached XP level 1. HP: 16/16 MP: 1/1
     0 | D:1      | 0 ||| qw: Version: 0.3-a-46-gb1f654a
     0 | D:1      | 0 ||| qw: Game counter: 2671
     0 | D:1      | 0 ||| qw: Melee chars always use a shield: true
     0 | D:1      | 0 ||| qw: God list: Okawaru
     0 | D:1      | 0 ||| qw: Allow faded altars: false
     0 | D:1      | 0 ||| qw: Do Orc after clearing Dungeon:15 true
     0 | D:1      | 0 ||| qw: Do second Lair branch before Depths: true
     0 | D:1      | 0 ||| qw: Lair rune preference: random
     0 | D:1      | 0 ||| qw: Goals: Normal
     0 | D:1      | 0 ||| PLANNING D:1-11
    33 | D:1      | Reached skill level 3 in Ranged Weapons
    33 | D:1      | Reached XP level 2. HP: 23/23 MP: 2/2
   255 | D:1      | Reached XP level 3. HP: 29/29 MP: 3/3
   377 | D:1      | Reached skill level 4 in Ranged Weapons
   785 | D:1      | 785 ||| UPGRADING to ring of protection from cold.
   786 | D:1      | 786 ||| DRINKING 2 black potions.
   787 | D:1      | 787 ||| DRINKING 2 golden potions.
   788 | D:1      | 788 ||| DROPPING scroll of poison.
   950 | D:2      | Reached XP level 4. HP: 36/36 MP: 4/4
  1429 | D:2      | Reached skill level 5 in Ranged Weapons
  1615 | D:2      | Identified the +3 scale mail "Fiapatos" {Int+2}
  1641 | D:2      | 1641 ||| READING scroll labelled VYS PEUNAIGU.
  1642 | D:2      | 1642 ||| DRINKING 2 amethyst potions.
  1643 | D:2      | 1643 ||| DROPPING potion of degeneration.
  1680 | D:3      | 1680 ||| FLEEEEING.
  1681 | D:3      | 1681 ||| FLEEEEING.
  1682 | D:3      | 1682 ||| FLEEEEING.
  1684 | D:3      | 1684 ||| FLEEEEING.
  1685 | D:3      | 1685 ||| FLEEEEING.
  1687 | D:3      | 1687 ||| FLEEEEING.
  1688 | D:3      | 1688 ||| STAIRDANCE
  1724 | D:3      | 1724 ||| STAIRDANCE
  1898 | D:3      | Found a runed translucent door.
  1915 | D:3      | Noticed a bullfrog
  1917 | D:3      | Noticed qw's ghost (amateur GrHs)
  2275 | D:3      | Identified the +1 falchion "Dasooz" {vamp, rElec rCorr
                  | Str-3 Dex+6}
  2351 | D:3      | 2351 ||| DROPPING ring of magical power.
  2352 | D:3      | 2352 ||| READING 2 scrolls labelled ALINAPU SEUD.
  2399 | D:3      | 2399 ||| READING scroll labelled USOCSE OPSAPA.
  2419 | D:4      | Reached skill level 3 in Fighting
  2493 | D:4      | Found a staircase to the Ecumenical Temple.
  2493 | D:4      | Noticed Sigmund
  2494 | D:4      | 2494 ||| PLANNING TEMPLE
  2507 | D:4      | Killed from afar by Sigmund

Levels and vault maps discovered:
D:1:      dpeg_arrival_central, layout_basic
D:2:      layout_loops_corners
D:3:      layout_basic, ebering_ghost_sewer_d
D:4:      layout_loops_ring, mainiacjoe_overflow_surrounded_room,
          mainiacjoe_overflow_alcove_4, minmay_temple_entry_offerings,
          uniq_sigmund

Skill      XL: |  1  2  3  4 |
---------------+-------------+-----
Ranged Weapons | 3 4 5 |  5.0
Fighting       | 2 3 |  3.0
Dodging        | |  2.1
Spellcasting   | |  1.0
Hexes          | |  2.0

Action                     |  1- 3 |  4- 6 || total
---------------------------+-------+-------++-------
   Fire: Sling             |   112 |    98 ||   210
    Use: Potion            |     2 |     1 ||     3
         Scroll            |       |     3 ||     3
 Armour: Robe              |    13 |     3 ||    16
  Dodge: Dodged            |    30 |    10 ||    40

Table legend:
 A = Non-vault XP
 B = Vault XP
 C = Vault XP percentage of total XP
 D = Non-vault monster count
 E = Vault monster count
 F = Vault count percentage of total count
                 A         B        C        D         E       F
            +---------+---------+-------+---------+---------+-------
      Total |     183 |       0 |   0.0 |      62 |       0 |   0.0
            +---------+---------+-------+---------+---------+-------
        D:1 |      65 |       0 |   0.0 |      27 |       0 |   0.0
        D:2 |      75 |       0 |   0.0 |      18 |       0 |   0.0
        D:3 |      38 |       0 |   0.0 |      15 |       0 |   0.0
        D:4 |       5 |       0 |   0.0 |       2 |       0 |   0.0
            +---------+---------+-------+---------+---------+-------
